Map: Prion Terraces

Players

xKawaiian - Winner!

  • Race: Terran Terran
  • League: Master

Hanes

  • Race: Terran Terran
  • League: Diamond

VOD

Have the link to the VOD?

Description

Time

  • Played on: Jan. 15, 2016, 1:39 a.m.
  • Length: 8:12
Show
View Real Time Build Order
Export as new Build Order

xKawaiian Terran - Winner!

Build Orders: 1/1/1, Cyclone Opening 

Get SALT Encoding   

  12  0:00  SCV  
  13  0:13  SCV  
  14  0:17  Supply Depot  
  14  0:25  SCV  
  15  0:39  SCV  
  15  0:40  Barracks  
  16  0:46  Refinery  
  16  0:51  SCV  
  16  0:54  Refinery  
  17  1:03  SCV  
  18  1:15  SCV  
  19  1:29  Orbital Command  
  19  1:30  Marine  
  20  1:34  Factory  
  20  1:42  Supply Depot  
  20  1:47  Marine  
  21  1:55  SCV  
  22  2:05  Marine  
  23  2:10  SCV  
  24  2:18  Factory Tech Lab  
  24  2:19  Starport  
  24  2:22  SCV  
  25  2:23  Marine  
  25  2:27  Supply Depot  
  26  2:34  SCV  
  27  2:39  Cyclone  
  27  2:43  Marine  
  31  2:48  SCV  
  31  2:49  Supply Depot  
  32  2:56  Medivac  
  34  3:00  SCV  
  34  3:03  Marine  
  36  3:11  Siege Tank  
  39  3:15  SCV  
  39  3:19  Supply Depot, Liberator  
  40  3:22  Marine  
  41  3:33  SCV  
  45  3:45  SCV  
  46  3:57  Marine  
  47  4:05  Siege Tank  
  50  4:15  Marine  
  43  4:30  Command Center  
  40  4:31  SCV  
  40  4:33  Marine  
  40  4:35  Supply Depot  
  40  4:36  Medivac  
  44  4:51  Marine  
  45  4:56  Barracks x2  
  45  5:05  Siege Tank  
  48  5:09  Marine  
  49  5:15  SCV  
  50  5:26  Marine  
  50  5:28  Medivac  
  51  5:38  Siege Tank  
  53  5:44  Marine  
  53  5:45  Marine  
  49  5:55  SCV  
  51  6:00  Orbital Command  
  51  6:02  Marine  
  52  6:05  Barracks Reactor, Barracks Tech Lab  
  52  6:07  Engineering Bay  
  52  6:10  Siege Tank  
  52  6:12  Supply Depot  
  52  6:18  Viking  
  54  6:25  SCV  
  54  6:26  SCV  
  54  6:28  Marine x2  
  57  6:46  Hellion, Marine x2  
  60  6:47  SCV  
  60  6:48  SCV  
  62  6:59  Marine x2  
  62  7:00  SCV  
  65  7:03  Missile Turret  
  65  7:04  Refinery  
  65  7:06  SCV  
  66  7:11  Supply Depot  
  66  7:14  Missile Turret  
  66  7:18  Supply Depot  
  66  7:34  Siege Tank, Marine  
  62  7:48  Marine x2  
  62  7:50  Marine  
  64  7:51  Marine  
Show
View Real Time Build Order
Export as new Build Order

Hanes Terran 

Build Orders: 1/1/1 

Get SALT Encoding   

  12  0:00  SCV  
  13  0:13  SCV  
  14  0:18  Supply Depot  
  14  0:25  SCV  
  14  0:28  Refinery  
  15  0:40  SCV  
  16  0:45  Barracks  
  16  0:52  SCV  
  18  1:04  SCV  
  18  1:09  Supply Depot  
  18  1:16  SCV  
  19  1:32  Orbital Command, Marine  
  20  1:34  Factory  
  20  1:46  Bunker  
  20  1:50  Marine  
  21  1:59  SCV  
  22  2:08  Marine  
  23  2:11  SCV  
  24  2:18  Starport  
  24  2:19  Hellion  
  26  2:23  SCV  
  26  2:27  Marine  
  28  2:35  SCV  
  29  2:44  Command Center  
  29  2:50  SCV  
  30  2:53  Supply Depot  
  30  3:01  Factory Reactor  
  30  3:02  Marine  
  31  3:10  Engineering Bay  
  31  3:14  SCV, Viking  
  34  3:20  Marine  
  34  3:25  Barracks  
  35  3:32  Refinery  
  35  3:33  SCV  
  36  3:40  Missile Turret  
  36  3:45  Barracks Tech Lab  
  36  3:50  SCV  
  36  3:54  Missile Turret  
  37  4:03  Viking  
  38  4:13  SCV  
  31  4:26  SCV  
  30  4:31  Factory Tech Lab  
  30  4:32  Orbital Command  
  30  4:35  Marine  
  30  4:45  SCV  
  33  4:57  SCV, Stimpack, Marine  
  33  4:59  SCV  
  34  5:01  Refinery  
  34  5:08  Banshee  
  34  5:09  SCV  
  34  5:11  SCV  
  39  5:15  Marine  
  40  5:21  SCV  
  40  5:23  SCV  
  39  5:32  Marine  
  39  5:34  SCV  
  31  5:43  SCV  
  28  5:50  Marine  
  28  5:51  SCV  
  26  6:06  SCV  
  26  6:08  Marine  
  26  6:11  Cloaking Field  
  28  6:15  SCV  
  29  6:18  SCV  
  30  6:27  SCV, Marine  
  30  6:30  Banshee  
  35  6:40  Marine  
  35  6:44  SCV  
  35  6:46  Marine x2  
  39  6:48  Factory Tech Lab  
  39  6:49  SCV  
  39  6:53  Supply Depot  
  40  6:57  SCV, Marine  
  41  7:01  SCV  
  41  7:05  Marine x2  
  44  7:09  SCV  
  44  7:13  SCV  
  46  7:21  SCV  
  47  7:25  SCV  
  47  7:26  Siege Tank  
  51  7:33  SCV  
  52  7:37  Marauder  
  52  7:38  SCV  
  41  7:45  SCV  
  41  7:46  Marine  
  41  7:50  SCV  
  32  7:57  Barracks  
Tags
 
Add a new tag
Caveats
  • Supply blocks, unpowered buildings, or Contaminate may cause inaccurate times.
  • Supply counts are checked every 10 seconds.